 Dungeon Crawl Stone Soup version 0.27.0-1-g7a089689b8 (webtiles) character file.

Game seed: 5460979574846977674

5901 GordonOverkill the Fighter (level 10, 47/91 (102) HPs)
             Began as a Deep Dwarf Fighter on Aug 1, 2021.
             Got out of the dungeon alive.
             The game lasted 00:30:49 (3819 turns).

GordonOverkill the Fighter (Deep Dwarf Fighter)     Turns: 3819, Time: 00:30:50

HP:   47/91 (102)   AC: 14    Str: 24    XL:     10   Next: 53%
MP:   7/7           EV:  4    Int:  8    God:
Gold: 150           SH: 10    Dex: 12    Spells: 15/15 levels left

rFire    . . .     SeeInvis .   b - +2 long sword (vamp)
rCold    . . .     Faith    .   c - +0 kite shield
rNeg     . . .     Spirit   .   z - +0 plate armour
rPois    .         Reflect  .   (no helmet)
rElec    .         Harm     .   (no cloak)
rCorr    +         Rampage  .   r - +2 pair of gloves
Will     +....                  (no boots)
Stlth    ..........             w - amulet of the acrobat
HPRegen  0.00/turn              n - ring of resist corrosion
MPRegen  0.10/turn              (no ring)

@: heavily drained
A: damage resistance, heal wounds, sense surroundings 2, no regeneration
a: Heal Wounds


You escaped.
You visited 2 branches of the dungeon, and saw 10 of its levels.

You collected 475 gold pieces.
You spent 325 gold pieces at shops.

Inventory:

Hand Weapons
 a - a +0 war axe
 b - a +2 vampiric long sword (weapon)
 d - a +1 scythe of venom
 j - the +7 Spriggan's Knife {stab, EV+4 Stlth+}
   (You found it on level 6 of the Dungeon)

   It is more effective when stabbing unaware enemies, treating them as though
   they were completely helpless.
   EV:        It affects your evasion (+4).
   Stlth:     It makes you more stealthy.
 l - a +0 flail
 m - a +0 trident of venom
Missiles
 h - 2 curare-tipped darts
 k - 14 poisoned darts (quivered)
 p - 2 throwing nets
 t - 5 silver boomerangs
Armour
 c - a +0 kite shield (worn)
 r - a +2 pair of gloves (worn)
 z - a +0 plate armour (worn)
Jewellery
 e - an amulet of magic regeneration
 n - a ring of resist corrosion (left hand)
 w - an amulet of the acrobat (around neck)
Wands
 v - a wand of flame (26)
Scrolls
 f - a scroll of fog
 q - a scroll of identify
 x - a scroll of immolation
 y - a scroll of amnesia
Potions
 g - a potion of cancellation {unknown}
 i - 3 potions of lignification
 o - 5 potions of curing
 s - a potion of heal wounds
 u - a potion of attraction {unknown}
 A - 2 potions of might
 B - a potion of mutation {unknown}


   Skills:
 - Level 10.0 Fighting
 + Level 7.6 Long Blades
 - Level 7.0 Axes
 - Level 2.0 Throwing
 - Level 3.2 Armour
 - Level 5.0 Shields
 - Level 3.0 Spellcasting
 - Level 5.0 Evocations


You had 15 spell levels left.
You didn't know any spells.
Your spell library contained the following spells:

 Spells                   Type           Power      Damage    Failure   Level
 Animate Skeleton         Necr           2%         N/A       100%        1
 Magic Dart               Conj           4%         1d3       100%        1
 Pain                     Necr           4%         1d4       100%        1
 Summon Small Mammal      Summ           4%         N/A       100%        1
 Call Imp                 Summ           1%         N/A       100%        2
 Call Canine Familiar     Summ           1%         N/A       100%        3
 Dazzling Flash           Conj/Hex       2%         N/A       100%        3
 Mephitic Cloud           Conj/Pois/Air  1%         N/A       100%        3
 Summon Guardian Golem    Hex/Summ       1%         N/A       100%        3
 Vampiric Draining        Necr           0%         2d6       100%        3
 Iskenderun's Mystic Bla  Conj/Tloc      1%         2d3       100%        4
 Starburst                Conj/Fire      0%         8x6d3     100%        6


Dungeon Overview and Level Annotations

Branches:
Dungeon (9/15)             Temple (1/1) D:4            Lair (0/6) D:8
    Orc: D:9-12

Altars:
Ashenzari
Elyvilon
Fedhas
Gozag
Hepliaklqana
Kikubaaqudgha
Okawaru
Qazlal
Sif Muna
Wu Jian
Xom
Yredelemnul
Zin
The Shining One

Shops:
D:3 [   D:7 *   D:8 !

Annotations:
D:7 2 transporters, Tutankhamun's ghost, novice OpBr
D:8 3 runed translucent doors, coffeespoons's ghost, novice MiBe
D:9 exclusion: obsidian statue


Innate Abilities, Weirdness & Mutations

You are resistant to damage.
You can heal yourself by infusing magical energy.
You passively map the area around you.
You do not regenerate.


Message History

You now have 134 gold pieces (gained 15).
Found an opulent altar of Gozag.
Found Gozag's Platinum Reserve.
There is an opulent altar of Gozag here.
There is an entrance to Gozag's Platinum Reserve here.
There is an entrance to Gozag's Platinum Reserve here.
There is an opulent altar of Gozag here.
Found 11 sling bullets.
Found 16 gold pieces.
You now have 150 gold pieces (gained 16).
Unknown command.
Okay, then.
(D) Dungeon (T) Temple (L) Lair
Where to? (Enter - D:6, ? - help)
What level of the Dungeon? (default 1, ? - help)
There is a stone staircase leading up here.
You climb upwards.
There is a stone staircase leading down here.
There is a stone staircase leading up here.
You climb upwards.
There is a stone staircase leading down here.
There is a stone staircase leading up, spattered with blood here.
You climb upwards.
There is a stone staircase leading down, spattered with blood here.
You see here a +0 flail.
There is a stone staircase leading up here.
You climb upwards.
There is a stone staircase leading down here.
There is an open door here.
There is a stone staircase leading up here.
You climb upwards.
There is a stone staircase leading down here.
There is a stone staircase leading up here.
You climb upwards.
There is a stone staircase leading down here.
You enter the shallow water.
Moving in this stuff is going to be slow.
There is a staircase leading out of the dungeon here.
Are you sure you want to leave the Dungeon?
This will make you lose the game!
You have escaped!

#..* #.......... ## ##.##
###..#.##..#
..####...####....#.##..#
....#..≈..#.....##.##..#
..≈....≈....≈..8##.##..#
...≈..≈≈≈..≈...###.###.#
,....≈≈≈≈≈≈≈.....##.#....
..≈≈≈≈...≈≈≈≈....#.#.#.#
,
≈≈≈≈≈..@..≈≈≈≈≈..#.#.#.#
..≈≈≈≈...≈≈≈≈....# # ..#
, ....≈≈≈≈≈≈≈.....##
##### ,* ,
...≈..≈≈≈..≈...## ,#....
* ..≈....≈....≈..8#
,#.### ,
....#..≈..#.....# #.# ,
..####...####...,#.#.# ,
## ##.## ## #.#.# ,
*#.#.#


There were no monsters in sight!

Vanquished Creatures
  3 centaur zombies
  Sigmund (D:3)
  2 steam dragons (D:7)
  5 water moccasins
  3 orc warriors (D:8)
  3 sky beasts
  An ice beast (D:7)
  6 black bears
  2 necrophages
  2 ogres
  3 kobold brigands (D:8)
  5 bullfrogs
  4 scorpions
  A gnoll sergeant (D:4)
  14 killer bees
  8 wights
  4 howler monkeys
  A bullfrog zombie (D:6)
  4 hounds
  2 bullfrog skeletons (D:7)
  2 centaur skeletons
  3 orc priests
  2 iguanas
  2 jellies
  6 orc wizards
  A scorpion zombie (D:5)
  A killer bee zombie (D:7)
  A hound zombie (D:5)
  A howler monkey skeleton (D:4)
  12 gnolls
  6 adders
  An ufetubus (D:7)
  3 adder skeletons
  A worm (D:3)
  18 orcs
  An endoplasm (D:2)
  4 giant cockroaches
  2 goblins (D:3)
  3 hobgoblins
  11 jackals
  15 kobolds
  3 quokkas
  3 ball pythons
  2 bats
  2 frilled lizards
  2 rats
182 creatures vanquished.

Vanquished Creatures (others)
  Joseph (D:8)
  An orc (D:7)
  28 fungi (D:8)
  23 plants (D:8)
53 creatures vanquished.

Grand Total: 235 creatures vanquished

Notes
Turn   | Place    | Note
-------+----------+-------------------------------------------
     0 | D:1      | GordonOverkill the Deep Dwarf Fighter began the quest for
                  | the Orb.
     0 | D:1      | Reached XP level 1. HP: 20/20 MP: 1/1
   145 | D:1      | Found a faded altar of an unknown god.
   281 | D:2      | Reached XP level 2. HP: 27/27 MP: 2/2
   357 | D:3      | Reached skill level 3 in Fighting
   357 | D:3      | Reached XP level 3. HP: 26/34 MP: 2/4
   361 | D:3      | Found Ushrasto's Antique Armour Boutique.
   362 | D:3      | Noticed Sigmund
   371 | D:3      | Killed Sigmund
   372 | D:3      | Reached skill level 1 in Spellcasting
   372 | D:3      | Reached XP level 4. HP: 27/42 MP: 3/6
   372 | D:3      | Reached XP level 5. HP: 32/49 MP: 3/7
   575 | D:5      | Entered Level 5 of the Dungeon
   589 | D:5      | Noticed a black bear
   598 | D:4      | Reached XP level 6. HP: 11/57 MP: 7/7
   624 | D:4      | Reached skill level 5 in Axes
   653 | D:5      | Reached skill level 1 in Throwing
   676 | D:5      | Reached skill level 4 in Fighting
   676 | D:5      | Reached XP level 7. HP: 39/64 MP: 8/8
   767 | D:4      | Reached skill level 5 in Shields
  1113 | D:4      | Reached XP level 8. HP: 56/73 MP: 6/6
  1375 | D:4      | Found a staircase to the Ecumenical Temple.
  1391 | Temple   | Entered the Ecumenical Temple
  1654 | D:5      | Found a glowing silver altar of Zin.
  1673 | D:5      | Reached skill level 5 in Fighting
  1673 | D:5      | Reached skill level 1 in Long Blades
  1755 | D:5      | Found a basalt altar of Yredelemnul.
  1920 | D:5      | Identified the +2 leather armour "Orhacwint" {rPois Will-
                  | Str+4}
  2058 | D:6      | Found a stormy altar of Qazlal.
  2090 | D:6      | Reached skill level 6 in Fighting
  2342 | D:7      | Reached skill level 7 in Fighting
  2342 | D:7      | Gained mutation: You passively map the area around you.
                  | [Deep Dwarf growth]
  2342 | D:7      | Reached XP level 9. HP: 63/86 MP: 6/6
  2390 | D:7      | Reached skill level 8 in Fighting
  2416 | D:6      | Found the +7 Spriggan's Knife {stab, EV+4 Stlth+}
  2488 | D:7      | Found a transporter.
  2515 | D:7      | Reached skill level 9 in Fighting
  2547 | D:7      | Noticed Tutankhamun's ghost (novice OpBr)
  2783 | D:7      | Reached skill level 10 in Fighting
  2786 | D:7      | Reached skill level 1 in Evocations
  2866 | D:8      | Found a staircase to the Lair.
  2906 | D:8      | Reached XP level 10. HP: 85/87 MP: 7/7
  2941 | D:8      | Reached skill level 5 in Long Blades
  3030 | D:8      | Found a runed translucent gate.
  3030 | D:8      | Found a runed translucent gate.
  3031 | D:8      | Found a runed translucent gate.
  3032 | D:8      | Found an opulent altar of Gozag.
  3036 | D:8      | Noticed a tengu warrior
  3037 | D:8      | Noticed coffeespoons's ghost (novice MiBe)
  3093 | D:9      | Noticed an obsidian statue
  3103 | D:9      | Noticed an orange demon
  3152 | D:8      | Noticed Joseph
  3157 | D:8      | Reached skill level 5 in Evocations
  3176 | D:8      | Killed Joseph
  3404 | D:8      | Found Ystrinweody's Distillery.
  3467 | D:8      | Bought a potion of curing for 39 gold pieces
  3467 | D:8      | Bought a potion of curing for 39 gold pieces
  3467 | D:8      | Bought a potion of heal wounds for 65 gold pieces
  3467 | D:8      | Bought a potion of curing for 39 gold pieces
  3467 | D:8      | Bought a potion of curing for 39 gold pieces
  3467 | D:8      | Bought a potion of might for 52 gold pieces
  3467 | D:8      | Bought a potion of might for 52 gold pieces
  3554 | D:7      | Found a transporter.
  3577 | D:7      | Found an opulent altar of Gozag.
  3579 | D:7      | Found Gozag's Platinum Reserve.
  3819 | D:$      | Got out of the dungeon alive.

Illustrated notes

Levels and vault maps discovered:
D:1:      eino_arrival_water_star, layout_basic,
          dilly_ecumenical_altar_fadedgnrine, amcnicky_mini_corridor_feature
D:2:      layout_basic, st_stairs_7
D:3:      layout_basic, serial_shops, nicolae_shop_crystal, uniq_sigmund
D:4:      layout_layer_cave, minmay_temple_entry_offerings
D:5:      layout_rooms, mainiacjoe_overflow_catch_the_wave
D:6:      layout_loops_corners, mainiacjoe_overflow_cross_hatched,
          lemuel_tele_altar, hangedman_decor_slide_cut, minmay_misc_feat_columns
D:7:      layout_loops_ring, nicolae_gozag_zags_fifth_avenue,
          gammafunk_ghost_mausoleum, amcnicky_mini_pool_small, minmay_bent
D:8:      layout_rooms, due_lair_maze_entry_diamond, ebering_ghost_gozag,
          minmay_shop_grid_forest, uniq_joseph
D:9:      layout_loops_cross, grunt_temple_overflow_lords_of_destruction,
          kennysheep_little_box, mainiacjoe_overflow_chevrons,
          minmay_protected_statue
Temple:   dpeg_chambers_temple

Skill      XL: |  1  2  3  4  5  6  7  8  9 10 |
---------------+-------------------------------+-----
Fighting       | 3 4 7 10 | 10.0
Axes           | 3 4 5 6 7 |  7.0
Shields        | 4 5 |  5.0
Spellcasting   | 1 2 3 |  3.0
Throwing       | 1 2 |  2.0
Long Blades    | 4 7 |  7.6
Evocations     | 2 5 |  5.0
Armour         | |  3.2

Action                   |  1- 3 |  4- 6 |  7- 9 | 10-12 || total
-------------------------+-------+-------+-------+-------++-------
Melee: War axe           |    39 |    50 |   156 |       ||   245
       Trident           |       |    33 |       |       ||    33
       Long sword        |       |       |   317 |   267 ||   584
Throw: Dart              |       |     4 |    13 |       ||    17
 Abil: Heal Wounds       |     2 |     4 |    25 |     1 ||    32
  Use: Potion            |     1 |       |     3 |     1 ||     5
       Scroll            |       |       |    10 |     1 ||    11
Armor: Scale mail        |     9 |    60 |   260 |    48 ||   377
       Skin              |       |       |    10 |       ||    10
       Plate armour      |       |       |       |   253 ||   253
Dodge: Dodged            |    17 |    50 |   220 |   113 ||   400
Block: Kite shield       |    20 |    78 |   365 |   259 ||   722
       Rpst.: Long sword |       |       |    30 |    29 ||    59
